 Seeded DCSS version 0.31-a0-365-gcf821cafb2 (webtiles) character file.

Game seed: 5000 (custom seed)

30358 rocky1 the Bludgeoner (level 13, -1/116 HPs)
             Began as a Minotaur Fighter on July 28, 2023.
             Was the Champion of Okawaru.
             Slain by a deep elf archer
             ... wielding a +0 short sword
              (7 damage)
             ... on level 2 of the Orcish Mines.
             The game lasted 00:39:29 (20213 turns).

rocky1 the Bludgeoner (Minotaur Fighter)           Turns: 20213, Time: 00:39:29

Health: -1/116     AC: 23    Str: 22    XL:     13   Next: 20%
Magic:  15/15      EV: 15    Int:  7    God:    Okawaru [******]
Gold:   277        SH:  0    Dex: 12    Spells: 8/12 levels left

rFire   + . .        D - +3 eveningstar (drain)
rCold   . . .        s - +0 kite shield
rNeg    . . .        y - +2 plate armour {rF+}
rPois   .            U - +2 hat
rElec   .            P - +0 cloak
rCorr   .            r - +0 pair of gloves
SInv    .            R - +0 pair of boots
Will    .....        (no amulet) Stlth
                     S - +5 ring of evasion
HPRegen 0.39/turn    (no ring)
MPRegen 0.14/turn

%: no passive effects
@: confused, studying Dodging
A: horns 2, retaliatory headbutt
a: Renounce Religion, Heroism, Finesse, Duel


You were on level 2 of the Orcish Mines.
You worshipped Okawaru.
Okawaru was exalted by your worship.
You visited 5 branches of the dungeon, and saw 16 of its levels.
You also visited: Ossuary and Bailey.

You collected 1349 gold pieces.
You spent 1072 gold pieces at shops.

Inventory:

Hand Weapons
 e - a +2 flail of holy wrath
 D - a +3 eveningstar of draining (weapon)
 J - a +3 scimitar of flaming
Missiles
 a - 14 boomerangs
 c - 8 javelins
 f - 2 throwing nets
 h - 12 poisoned darts (quivered)
 t - 6 silver boomerangs
Armour
 r - a +0 pair of gloves (worn)
 s - a +0 kite shield (worn)
 y - a +2 plate armour of fire resistance (worn)
 P - a +0 cloak (worn)
 R - a +0 pair of boots (worn)
 U - a +2 hat (worn)
Jewellery
 F - an amulet of faith
 S - a +5 ring of evasion (left hand)
Wands
 i - a wand of flame (20)
 p - a wand of digging (5)
 I - a wand of roots (9)
 T - a wand of mindburst (6)
Scrolls
 g - a scroll of blinking
 l - a scroll of revelation
 n - 4 scrolls of teleportation
 o - 5 scrolls of amnesia
 w - 3 scrolls of immolation
 x - a scroll of fog {unknown}
 E - a scroll of torment {unknown}
 G - a scroll of brand weapon {unknown}
 H - 2 scrolls of fear
 K - a scroll of poison
 O - 2 scrolls of enchant weapon {unknown}
 Q - a scroll of enchant armour {unknown}
Potions
 b - 3 potions of curing
 d - 5 potions of might
 j - 3 potions of mutation
 k - 3 potions of haste
 m - 6 potions of enlightenment
 q - a potion of degeneration {unknown}
 u - a potion of attraction {unknown}
 v - 3 potions of resistance
 z - 2 potions of magic {unknown}
 A - 2 potions of brilliance {unknown}
 C - a potion of ambrosia
 L - a potion of invisibility {unknown}
 M - 2 potions of heal wounds
Miscellaneous
 B - a condenser vane


   Skills:
 + Level 11.4 Fighting
 - Level 16.8 Maces & Flails
 + Level 11.3 Armour
 + Level 11.2 Dodging
 - Level 10.1 Shields
 - Level 4.8 Invocations
 - Level 3.1 Evocations


You had 8 spell levels left.
You knew the following spells:

 Your Spells              Type           Power      Damage    Failure   Level
a - Manifold Assault      Tloc           0%         N/A       100%        4

Your spell library contained the following spells:

 Spells                   Type           Power      Damage    Failure   Level
 Foxfire                  Conj/Fire      0%         2x1d4     100%        1
 Cigotuvi's Dreadful Rot  Necr/Pois/Air  0%         N/A       100%        2
 Static Discharge         Conj/Air       0%         2-2/arc   100%        2
 Stone Arrow              Conj/Erth      0%         3d7       100%        3
 Airstrike                Air            0%         2d(0-16)  100%        4
 Dispel Undead            Necr           0%         3d6       100%        4
 Passage of Golubria      Tloc           0%         N/A       100%        4
 Fireball                 Conj/Fire      0%         3d3       100%        5
 Iskenderun's Battlesphe  Conj           0%         2d6       100%        5
 Lee's Rapid Deconstruct  Erth           0%         3d4*      100%        5
 Silence                  Hex/Air        0%         N/A       100%        5
 Conjure Ball Lightning   Conj/Air       0%         3x3d6     100%        6
 Dispersal                Tloc           0%         N/A       100%        6
 Orb of Destruction       Conj           0%         9d5       100%        7
 Disjunction              Tloc           0%         N/A       100%        8
 Lehudib's Crystal Spear  Conj/Erth      0%         10d2      100%        8
 Fire Storm               Conj/Fire      0%         5d1       100%        9
 Animate Armour           Summ/Erth      Unusable   N/A       N/A         4
 Animate Dead             Necr           Unusable   N/A       N/A         4
 Summon Lightning Spire   Summ/Air       Unusable   N/A       N/A         4
 Death Channel            Necr           Unusable   N/A       N/A         6
 Haunt                    Necr/Summ      Unusable   N/A       N/A         7
 Infestation              Necr           Unusable   N/A       N/A         8

Dungeon Overview and Level Annotations

Branches:
Dungeon (10/15)            Temple (1/1) D:7            Lair (2/5) D:9
    Orc (2/2) D:10            Elf (1/3) Orc:2       Ossuary (visited)
 Bailey (visited)
  Swamp: Lair:2-3    Shoals: Lair:2-3     Snake: Lair:2-3    Spider: Lair:2-3

Altars:
Ashenzari
Cheibriados
Dithmenos
Elyvilon
Fedhas
Gozag
Hepliaklqana
Kikubaaqudgha
Makhleb
Nemelex Xobeh
Okawaru
Qazlal
Ru
Sif Muna
Trog
Uskayaw
Vehumet
Wu Jian
Xom
Yredelemnul
Zin
The Shining One

Shops:
D:5 (   D:8 *   D:9 :   Orc:2 !(==

Annotations:
D:5 3 runed translucent doors, deremet's ghost, weakling GnDe
Lair:2 Amaemon


Innate Abilities, Weirdness & Mutations

You have a pair of horns on your head.
You reflexively headbutt those who attack you in melee.


Message History

The deep elf archer hits you with a +0 short sword!
The deep elf archer hits you but does no damage.
The orc sorcerer gestures wildly while chanting.
There is a staircase back to the Mines here.
The deep elf archer hits you with a +0 short sword.
The deep elf zephyrmancer hits you with a +0 long sword!
The deep elf zephyrmancer gestures wildly while chanting.
The deep elf zephyrmancer blinks!
The orc sorcerer gestures wildly while chanting.
You climb upwards.
Welcome back to the Orcish Mines!
There is a staircase to the Elven Halls here.
You are too injured to fight recklessly!
You are too injured to fight recklessly!
You barely miss the deep elf zephyrmancer.
The deep elf archer gestures at you while chanting.
You are confused.
You hit the deep elf zephyrmancer. You drain the deep elf zephyrmancer.
Your headbutt misses the deep elf zephyrmancer.
The deep elf zephyrmancer is lightly wounded.
The deep elf zephyrmancer gestures at you while chanting.
The bolt of lightning misses you.
The deep elf archer hits you but does no damage.
You barely miss the deep elf archer. You headbutt the deep elf archer.
The deep elf archer is severely wounded.
The deep elf zephyrmancer casts a spell at you.
The bolt of lightning hits you!
* * * LOW HITPOINT WARNING * * *
The deep elf archer hits you with a +0 short sword.
* * * LOW HITPOINT WARNING * * *
You miss the deep elf zephyrmancer.
The deep elf zephyrmancer is lightly wounded.
The deep elf zephyrmancer gestures at you while chanting.
The bolt of lightning hits you!
* * * LOW HITPOINT WARNING * * *
Unknown command.
You closely miss the deep elf archer.
Your headbutt misses the deep elf archer.
The deep elf archer is severely wounded.
The deep elf archer hits you with a +0 short sword!
You die...

##### ################
##.#.#######.....##.##.#.#.
#..[...#...................
##[#......................)
##.))#............[)........
##..(.##............)........
#...[.#......e......)...))...
#####)........e@...........)....
##..#.#..[#......#..)......).....
........))#......................
....#...)..)))..)................
..###.)......[...)...............
...##)..##....)..................
.#)#..........)..)...............
.##))............................
.###)............................


You could see a deep elf archer (repels missiles) and a deep elf zephyrmancer
(drained).

Vanquished Creatures
  A minotaur (Lair:1)
  An ettin (Orc:2)
  4 ogre magi (Orc:2)
  17 two-headed ogres
  Erica (D:8)
  Pikel (D:4)
  A deep elf pyromancer (Elf:1)
  A deep elf zephyrmancer (Elf:1)
  A cyclops (Orc:2)
  A gargoyle (Bailey)
  A cane toad (Lair:1)
  Maggie (D:9)
  2 komodo dragons
  A hornet (D:10)
  Prince Ribbit (D:6)
  Grinder (D:4)
  5 blink frogs (Lair:1)
  4 wraiths
  Sigmund (D:2)
  2 vampires
  2 wyverns (D:9)
  5 yaks (Lair:1)
  2 steam dragons
  Grum (D:8)
  An acid dragon (D:9)
  6 water moccasins
  Duvessa (D:4)
  19 orc warriors
  3 ice beasts
  20 ogres
  A black bear (Lair:1)
  9 wolves
  6 centaurs
  2 phantoms
  A kobold brigand (D:8)
  5 bullfrogs
  Blork the orc (D:4)
  4 scorpions
  3 wights (D:6)
  Dowan (D:4)
  8 vampire bats (Bailey)
  5 howler monkeys (D:9)
  6 wolf zombies (Bailey)
  A hound (D:5)
  A crimson imp (D:3)
  12 orc priests
  A jelly (D:5)
  2 gnoll boudas
  Terence (D:3)
  4 iguanas
  25 orc wizards
  A mummy (Ossuary)
  16 gnolls
  5 adders
  A shadow imp (D:8)
  2 white imps (D:7)
  3 ufetubi
  3 worms
  2 dart slugs
  85 orcs
  5 endoplasms
  7 giant cockroaches
  10 goblins
  6 hobgoblins
  7 kobolds
  2 quokkas
  10 ball pythons
  6 bats
  3 frilled lizards
  8 gnoll skeletons (Ossuary)
  6 kobold skeletons (Ossuary)
  11 orc skeletons (Ossuary)
  18 orc zombies (Bailey)
  4 rats
428 creatures vanquished.

Vanquished Creatures (others)
  An orc (D:9)
1 creature vanquished.

Grand Total: 429 creatures vanquished

Notes
Turn   | Place    | Note
-------+----------+-------------------------------------------
     0 | D:1      | rocky1 the Minotaur Fighter began the quest for the Orb.
     0 | D:1      | Reached XP level 1. HP: 19/19 MP: 0/0
   111 | D:1      | Reached XP level 2. HP: 27/27 MP: 1/1
   415 | D:1      | Found a faded altar of an unknown god.
   954 | D:2      | Reached skill level 3 in Maces & Flails
   954 | D:2      | Reached XP level 3. HP: 32/33 MP: 2/2
  1456 | D:2      | Noticed Sigmund
  1482 | D:2      | Killed Sigmund
  1483 | D:2      | Reached skill level 4 in Maces & Flails
  1483 | D:2      | Reached XP level 4. HP: 8/41 MP: 3/3
  1483 | D:2      | Reached XP level 5. HP: 9/47 MP: 4/4
  2304 | D:2      | Reached skill level 5 in Shields
  2310 | D:2      | Reached skill level 5 in Fighting
  2310 | D:2      | Reached skill level 5 in Armour
  2934 | D:3      | Found a snail-covered altar of Cheibriados.
  3013 | D:3      | Noticed Terence
  3022 | D:3      | Killed Terence
  3023 | D:3      | Reached XP level 6. HP: 42/56 MP: 5/5
  3094 | D:3      | Found a radiant altar of Vehumet.
  3095 | D:3      | Found a burning altar of Makhleb.
  3918 | D:4      | Noticed Pikel
  3940 | D:4      | Killed Pikel
  3941 | D:4      | Reached skill level 5 in Maces & Flails
  3941 | D:4      | Reached XP level 7. HP: 44/63 MP: 6/6
  4060 | D:4      | Noticed Grinder
  4068 | D:4      | Killed Grinder
  4069 | D:4      | Reached skill level 6 in Maces & Flails
  4069 | D:4      | Reached XP level 8. HP: 60/71 MP: 7/7
  4121 | D:4      | Noticed Duvessa
  4125 | D:4      | Noticed Dowan
  4135 | D:4      | Killed Duvessa
  4252 | D:4      | Found a hide-covered altar of Uskayaw.
  4279 | D:4      | Killed Dowan
  4372 | D:4      | Noticed Blork the orc
  4376 | D:4      | Reached skill level 7 in Maces & Flails
  4383 | D:4      | Killed Blork the orc
  4781 | D:5      | Entered Level 5 of the Dungeon
  5260 | D:5      | Found a runed translucent gate.
  5260 | D:5      | Found a runed translucent gate.
  5261 | D:5      | Found a runed translucent gate.
  5263 | D:5      | Noticed deremet's ghost (weakling GnDe)
  5344 | D:5      | Reached skill level 8 in Maces & Flails
  5506 | D:5      | Noticed a +3 rapier
  5517 | D:5      | Found Olumemul's Weapon Boutique.
  5519 | D:5      | Noticed a +0 giant spiked club
  6090 | D:5      | Identified the +4 dagger "Erchacoyl" {speed, rN+ Str+2}
  6380 | D:5      | Found a glowing golden altar of the Shining One.
  6380 | D:5      | Found a blossoming altar of Fedhas.
  6483 | D:6      | Reached XP level 9. HP: 64/75 MP: 8/8
  6495 | D:6      | Reached skill level 9 in Maces & Flails
  7333 | D:6      | Noticed Prince Ribbit
  7343 | D:6      | Killed Prince Ribbit
  7344 | D:6      | Reached skill level 10 in Maces & Flails
  7843 | D:7      | Found a flagged portal.
  7850 | Bailey   | Entered a bailey
  7972 | Bailey   | Reached skill level 1 in Dodging
  8202 | Bailey   | Noticed a gargoyle
  8208 | Bailey   | Killed a gargoyle
  8209 | Bailey   | Reached skill level 11 in Maces & Flails
  8468 | D:7      | Reached XP level 10. HP: 70/86 MP: 9/9
  8610 | D:7      | Found a staircase to the Ecumenical Temple.
  8725 | D:7      | Reached skill level 10 in Shields
  8740 | D:7      | Got the Spellbook of the Summer
  9301 | Temple   | Entered the Ecumenical Temple
  9757 | D:8      | Found an iron altar of Okawaru.
  9763 | D:8      | Became a worshipper of Warmaster Okawaru
  9765 | D:8      | Found Weenwenn's General Store.
  9771 | D:8      | Found a sand-covered staircase.
  9796 | Ossuary  | Entered an ossuary
 10199 | Ossuary  | Reached skill level 1 in Invocations
 10199 | Ossuary  | Reached skill level 1 in Evocations
 10397 | D:8      | Bought a scroll of fear for 60 gold pieces
 10399 | D:8      | Bought a potion of might for 60 gold pieces
 10542 | D:8      | Noticed Erica
 10565 | D:8      | Killed Erica
 10566 | D:8      | Reached skill level 12 in Maces & Flails
 10814 | D:8      | Reached * piety under Okawaru
 10864 | D:8      | Found an ornate altar of the Wu Jian Council.
 11058 | D:8      | Noticed Grum
 11085 | D:8      | Killed Grum
 11773 | D:9      | Noticed Maggie
 11791 | D:9      | Killed Maggie
 11791 | D:9      | Reached ** piety under Okawaru
 12019 | D:9      | Found a staircase to the Lair.
 12028 | D:9      | Learned a level 4 spell: Manifold Assault
 12039 | D:9      | Reached skill level 13 in Maces & Flails
 12398 | D:9      | Found a sparkling altar of Nemelex Xobeh.
 12637 | D:9      | Reached XP level 11. HP: 82/92 MP: 13/13
 12689 | D:9      | Found a bloodstained altar of Trog.
 12785 | D:9      | Found Xapseuza's Vocational Training.
 12863 | Lair:1   | Entered Level 1 of the Lair of Beasts
 13530 | Lair:1   | Reached *** piety under Okawaru
 13944 | Lair:1   | Reached skill level 14 in Maces & Flails
 13984 | Lair:1   | Found a runed translucent door.
 14066 | Lair:1   | Noticed a minotaur
 14087 | Lair:1   | Killed a minotaur
 14702 | Lair:1   | Reached skill level 15 in Maces & Flails
 14721 | Lair:1   | Reached **** piety under Okawaru
 15503 | Lair:2   | Noticed Amaemon
 15551 | D:10     | Entered Level 10 of the Dungeon
 15744 | D:10     | Found a staircase to the Orcish Mines.
 16092 | D:10     | Found a sacrificial altar of Ru.
 16228 | D:10     | Noticed a two-headed ogre
 16247 | D:10     | Killed a two-headed ogre
 16248 | D:10     | Reached skill level 16 in Maces & Flails
 16251 | D:10     | Reached ***** piety under Okawaru
 16901 | Orc:1    | Entered Level 1 of the Orcish Mines
 17451 | Orc:1    | Noticed a two-headed ogre
 17464 | Orc:1    | Killed a two-headed ogre
 17678 | Orc:1    | You fall into a shaft and drop 1 floor!
 17678 | Orc:2    | Entered Level 2 of the Orcish Mines
 17678 | Orc:2    | Noticed a two-headed ogre
 17678 | Orc:2    | Noticed a two-headed ogre
 17678 | Orc:2    | Noticed a two-headed ogre
 17678 | Orc:2    | Noticed a two-headed ogre
 17678 | Orc:2    | Noticed a two-headed ogre
 17678 | Orc:2    | Noticed a two-headed ogre
 17678 | Orc:2    | Noticed an ogre mage
 17678 | Orc:2    | Noticed an ogre mage
 17678 | Orc:2    | Noticed a two-headed ogre
 17678 | Orc:2    | Noticed a two-headed ogre
 17678 | Orc:2    | Noticed an ogre mage
 17678 | Orc:2    | Noticed an ogre mage
 17678 | Orc:2    | Noticed a two-headed ogre
 17678 | Orc:2    | Noticed a two-headed ogre
 17678 | Orc:2    | Found Unail's Jewellery Boutique.
 17678 | Orc:2    | Found Cahar's Distillery.
 17678 | Orc:2    | Found Watiec's Jewellery Emporium.
 17678 | Orc:2    | Found Roucaro's Antique Weapon Boutique.
 17681 | Orc:2    | Noticed a two-headed ogre
 17681 | Orc:2    | Noticed a two-headed ogre
 17682 | Orc:2    | Noticed a two-headed ogre
 17683 | Orc:2    | Found a staircase to the Elven Halls.
 17751 | Orc:2    | Killed a two-headed ogre
 17752 | Orc:2    | Reached XP level 12. HP: 91/101 MP: 14/14
 17759 | Orc:2    | Killed an ogre mage
 17799 | Orc:2    | Killed a two-headed ogre
 17800 | Orc:2    | Reached skill level 5 in Dodging
 17814 | Orc:2    | Killed a two-headed ogre
 18004 | Orc:2    | Noticed an ettin
 18401 | Orc:2    | Killed an ettin
 18401 | Orc:2    | Reached ****** piety under Okawaru
 18722 | Orc:2    | Killed a two-headed ogre
 18722 | Orc:2    | Received a gift from Okawaru
 18750 | Orc:2    | Paralysed by an ogre mage for 3 turns
 18847 | Orc:2    | Killed an ogre mage
 18899 | Orc:2    | Killed a two-headed ogre
 18921 | Orc:2    | Noticed a two-headed ogre
 18925 | Orc:2    | Noticed a two-headed ogre
 18933 | Orc:2    | Killed a two-headed ogre
 18947 | Orc:2    | Killed a two-headed ogre
 18970 | Orc:2    | Reached skill level 10 in Fighting
 18987 | Orc:2    | Killed an ogre mage
 18988 | Orc:2    | Reached skill level 10 in Armour
 18993 | Orc:2    | Killed a two-headed ogre
 19010 | Orc:2    | Killed a two-headed ogre
 19110 | Orc:2    | Received a gift from Okawaru
 19135 | Orc:2    | Killed a two-headed ogre
 19193 | Orc:2    | Killed a two-headed ogre
 19194 | Orc:2    | Reached skill level 10 in Dodging
 19459 | Orc:2    | Killed a two-headed ogre
 19618 | Orc:2    | Killed a two-headed ogre
 19619 | Orc:2    | Reached XP level 13. HP: 115/115 MP: 15/15
 19765 | Orc:2    | Bought a potion of ambrosia for 112 gold pieces
 19765 | Orc:2    | Bought a potion of resistance for 140 gold pieces
 19765 | Orc:2    | Bought a potion of haste for 140 gold pieces
 19765 | Orc:2    | Bought 2 potions of mutation for 224 gold pieces
 19765 | Orc:2    | Bought a potion of heal wounds for 70 gold pieces
 19765 | Orc:2    | Bought a potion of curing for 42 gold pieces
 19765 | Orc:2    | Bought a potion of heal wounds for 70 gold pieces
 19765 | Orc:2    | Bought a potion of curing for 42 gold pieces
 19765 | Orc:2    | Bought 2 potions of might for 112 gold pieces
 20192 | Elf:1    | Entered Level 1 of the Elven Halls
 20203 | Elf:1    | Received a gift from Okawaru
 20213 | Orc:2    | Slain by a deep elf archer

Illustrated notes

Levels and vault maps discovered:
D:1:      eino_arrival_tree_alley, layout_loops_cross, serial_aquarium,
          aquarium_bridge_square [aquarium_subvault_window,
          aquarium_subvault_bridge, aquarium_subvault_wall,
          aquarium_subvault_wall], aquarium_bridge_square
          [aquarium_subvault_bridge, aquarium_subvault_wall,
          aquarium_subvault_wall, aquarium_subvault_bridge],
          aquarium_window_fake, aquarium_window_2, aquarium_view_2a,
          aquarium_view_2d, aquarium_pool_2, chequers_ecumenical_altar_simple,
          minmay_misc_feat_hallway, st_stairs_12,
          amcnicky_mini_corridor_feature, minmay_tree_intersection,
          minmay_worlds_worst_comb
D:2:      layout_loops_corners, uniq_sigmund
D:3:      layout_loops_ring, grunt_temple_overflow_lords_of_destruction,
          mainiacjoe_overflow_tiny_flanked, uniq_terence
D:4:      layout_rooms, mainiacjoe_overflow_catwalk, kennysheep_nondescript,
          uniq_grinder, uniq_pikel, uniq_blork_the_orc, uniq_duvessa
D:5:      layout_gridville, nicolae_overflow_two_pavilions,
          gammafunk_ghost_split, serial_shops, nicolae_shop_mannequins,
          serial_rivers, chequers_serial_rivers_small_3,
          chequers_serial_rivers_micro_a, chequers_serial_rivers_room_a,
          chequers_serial_rivers_room_b, chequers_serial_rivers_large_a
D:6:      layout_loops_ring, uniq_prince_ribbit1
D:7:      layout_loops_ring, lemuel_temple_firewalk_b, enter_bailey_3
D:8:      layout_gridville, lemuel_crystal_altar,
          mainiacjoe_overflow_surrounded_room, enter_ossuary_2, serial_shops,
          shop_statue, uniq_grum, uniq_erica
D:9:      nicolae_BIG_FREAKIN_CUBE, layout_basic,
          mainiacjoe_overflow_six_doors_small, nemelex_spade_bored_becter,
          david_lair_shrubbed, nicolae_shop_vocational, uniq_maggie
D:10:     layout_grid_maze, nicolae_ru_great_annihilating_truth,
          minmay_orc_entry_temple_small
Temple:   minmay_temple_curvy_loop
Lair:1:   dreamdust_labyrinth, layout_loops_ring
Lair:2:   beast_lair_carwin_large_4, layout_layer_cave, spider_nest_entry_webs,
          gammafunk_ghost_wrathful_warriors, chequers_serial_rivers_small_3,
          grunt_forest_stairs_clearing, infiniplex_staircase_pool_2,
          uniq_gastronok, uniq_amaemon, uniq_urug
Orc:1:    layout_diamond_mine
Orc:2:    st_orc_ogre_mass, layout_diamond_mine
Elf:1:    nicolae_elf_arrival_no_cutting_in_line, layout_geoelf_octagon,
          serial_shops, shop, minivault_28, fountainhead, corner_web_ring,
          grunt_ministairs_11, minmay_shop_grove

Skill      XL: |  1  2  3  4  5  6  7  8  9 10 11 12 13 |
---------------+----------------------------------------+-----
Armour         | 4 5 6 7 8 10 11 | 11.3
Shields        | 4 5 6 8 9 10 | 10.1
Fighting       | 4 5 6 7 8 10 11 | 11.4
Maces & Flails | 3 4 5 6 8 11 13 16 | 16.8
Dodging        | 2 4 10 11 | 11.2
Invocations    | 4 |  4.8
Evocations     | 3 |  3.1

Action                     |  1- 3 |  4- 6 |  7- 9 | 10-12 | 13-15 || total
---------------------------+-------+-------+-------+-------+-------++-------
  Melee: Flail             |    86 |    96 |   332 |   739 |       ||  1253
         Headbutt          |    10 |     8 |    55 |   185 |     9 ||   267
         Eveningstar       |       |       |       |   140 |    54 ||   194
  Throw: Dart              |       |       |       |     4 |       ||     4
 Invoke: Heroism           |       |       |       |     2 |       ||     2
         Finesse           |       |       |       |     1 |       ||     1
    Use: Scroll            |     3 |       |     8 |     6 |       ||    17
         Potion            |       |       |     2 |     9 |       ||    11
   Stab: Paralysed         |       |       |       |     2 |       ||     2
 Armour: Plate armour      |    59 |    72 |   194 |   321 |    14 ||   660
         Scale mail        |     4 |       |       |       |       ||     4
  Dodge: Dodged            |    26 |    39 |    71 |   246 |    15 ||   397
  Block: Buckler           |    13 |    17 |     3 |       |       ||    33
         Kite shield       |       |       |   168 |   397 |    22 ||   587

Table legend: (Time is in decaauts)
 A = Elapsed time spent in this place.
 B = Non-inter-level travel time spent in this place.
 C = Inter-level travel time spent in this place.
 D = Time resting spent in this place.
 E = Time spent auto-exploring this place.
 F = Levels seen in this place.
 G = Mean time per level.
                   A        B        C        D        E       F      G
               +--------+--------+--------+--------+--------+-----+--------+
         Total |  20133 |  19380 |    753 |   7385 |   8384 |  18 | 1118.5 |
       Dungeon |  13328 |  12718 |    610 |   4296 |   6632 |  10 | 1332.8 |
        Temple |    114 |     91 |     23 |      0 |      0 |   1 |  114.0 |
          Lair |   2638 |   2572 |     66 |   1369 |    792 |   2 | 1319.0 |
  Orcish Mines |   2889 |   2835 |     54 |   1328 |    865 |   2 | 1444.5 |
   Elven Halls |     13 |     13 |      0 |      0 |      0 |   1 |   13.0 |
       Ossuary |    589 |    589 |      0 |    338 |      0 |   1 |  589.0 |
        Bailey |    558 |    558 |      0 |     54 |     95 |   1 |  558.0 |
               +--------+--------+--------+--------+--------+-----+--------+

Top non-repeatable levels by time:
  Lair:1: 2594 daAuts
     D:2: 2084 daAuts
   Orc:2: 1985 daAuts
     D:5: 1835 daAuts
    D:10: 1647 daAuts
     D:8: 1423 daAuts
     D:6: 1339 daAuts
     D:9: 1225 daAuts
     D:3: 1078 daAuts
     D:7: 1021 daAuts
   Orc:1: 903 daAuts
     D:4: 886 daAuts
     D:1: 787 daAuts
 Ossuary: 589 daAuts
  Bailey: 558 daAuts
